 Dungeon Crawl Stone Soup version 0.17.0-24-gcfadda4 (webtiles) character file.

6320 dorian the Grappler (level 10, -14/165 HPs)
             Began as a Troll Monk on Nov 17, 2015.
             Was a Believer of Jiyva.
             Killed from afar by a guardian serpent (22 damage)
             ... with a bolt of poison
             ... on level 10 of the Dungeon.
             The game lasted 00:19:07 (7850 turns).

dorian the Grappler (Troll Monk)                    Turns: 7850, Time: 00:19:08

Health: -14/165    AC:  7    Str: 24    XL:     10   Next: 64%
Magic:  8/9        EV: 11    Int:  7    God:    Jiyva [**....]
Gold:   427        SH: 11    Dex: 16    Spells: 0 memorised, 9 levels left

rFire  . . .     SeeInvis +       - Unarmed
rCold  . . .     Clarity  +     a - +0 robe
rNeg   . . .     SustAt   .     A - +0 shield
rPois  .         Gourm    +     t - +1 hat
rElec  .         Spirit   .     h - +0 cloak
rCorr  .         Warding  .     (gloves unavailable)
rMut   .         Stasis   .     (boots unavailable)
MR     .....                    C - amulet of clarity
Stlth  ..........               m - +3 ring of slaying
                                J - ring of see invisible

@: berserking, lethally poisoned (-14 -> -45), slowed, not resistant to hostile
enchantments, extremely unstealthy
A: unfitting armour, claws 3, fast metabolism 3, gourmand, regeneration 2,
robust 1, shaggy fur 1, spit poison 2, tough skin 2
a: Spit Poison, Request Jelly, Jelly Paralyse, Renounce Religion


You were on level 10 of the Dungeon.
You worshipped Jiyva.
Jiyva was pleased with you.
You were very full.

You visited 2 branches of the dungeon, and saw 11 of its levels.

You collected 496 gold pieces.
You spent 69 gold pieces at shops.

Inventory:

Hand Weapons
 y - a +0 blowgun
 M - a +1 giant spiked club
 Q - a +2 flail
Missiles
 f - 5 needles of sleeping
 n - 3 javelins (quivered)
 z - 13 curare-tipped needles
Armour
 a - a +0 robe (worn)
 h - a +0 cloak (worn)
 t - a +1 hat (worn)
 A - a +0 shield (worn)
Jewellery
 j - a +3 ring of protection {unknown}
 m - a +3 ring of slaying (right claw)
 C - an amulet of clarity (around neck)
 D - the amulet "Quvouhur" {Regen+ Dex+3}
   (You found it on level 4 of the Dungeon)

   [amulet of regeneration]

   It affects your dexterity (+3).
   It increases your rate of regeneration.
 J - a ring of see invisible (left claw)
 K - a cursed amulet of inaccuracy {unknown}
 L - an uncursed amulet of faith
Wands
 s - a wand of polymorph (11)
 H - a wand of fireball (7)
 S - a wand of draining (11)
Scrolls
 g - 3 scrolls of enchant weapon
 k - 5 scrolls of random uselessness
 l - 8 scrolls of remove curse
 o - a scroll of enchant armour {unknown}
 p - 5 scrolls of identify
 x - a scroll of immolation
 B - 8 scrolls of teleportation
 P - 2 scrolls of amnesia
Potions
 c - 4 potions of curing
 i - a potion of degeneration {unknown}
 q - 5 potions of flight
 r - a potion of might
 w - a potion of invisibility {unknown}
 F - 2 potions of heal wounds
 G - a potion of lignification
 N - a potion of beneficial mutation {unknown}
 V - a potion of ambrosia {unknown}
Books
 e - a book of Power

   Spells                             Type                      Level
   a - Fulminant Prism                Conjuration/Hexes            4
   b - Iskenderun's Mystic Blast      Conjuration                  4
   c - Venom Bolt                     Conjuration/Poison           5
   d - Bolt of Magma                  Conjuration/Fire/Earth       5
   e - Iron Shot                      Conjuration/Earth            6
   f - Orb of Destruction             Conjuration                  7
   g - Spellforged Servitor           Conjuration/Summoning        7
 I - a book of Annihilations

   Spells                             Type                      Level
   a - Poison Arrow                   Conjuration/Poison           6
   b - Chain Lightning                Conjuration/Air              8
   c - Lehudib's Crystal Spear        Conjuration/Earth            8
   d - Glaciate                       Conjuration/Ice              9
   e - Fire Storm                     Conjuration/Fire             9
Comestibles
 b - 11 bread rations
 d - 3 meat rations
 u - 2 fruits
 E - 8 slices of pizza
 O - 2 beef jerkies


   Skills:
 + Level 6.6 Fighting
 - Level 3.7 Dodging
 - Level 1.1 Stealth
 * Level 8.0 Shields
 * Level 11.0 Unarmed Combat


You had 9 spell levels left.
You didn't know any spells.

Dungeon Overview and Level Annotations

Branches:
Dungeon (10/15)            Temple (1/1) D:7            Lair (0/8) D:9
    Orc: D:9-12

Altars:
Ashenzari
Dithmenos
Elyvilon
Fedhas
Kikubaaqudgha
Makhleb
Okawaru
Qazlal
Sif Muna
Trog
Vehumet
Xom
Yredelemnul
Zin
The Shining One
Beogh
Jiyva

Shops:
D:5 %   D:8 *


Innate Abilities, Weirdness & Mutations

You are too large for most types of armour.
You have claws for hands.
Your metabolism is lightning-fast.
You like to eat raw meat.
You heal very quickly.
You are covered in fur (AC +1).
You have very tough skin (AC +2).
You are robust (+10% HP).
You can spit poison.


Message History

The centaur zombie barely misses you.
Drink which item? (? for menu, Esc to quit)
A red film seems to cover your vision as you go berserk!
You feel yourself moving faster!
You feel mighty!
* * * LOW HITPOINT WARNING * * *
You feel very sick. You block the centaur zombie's attack.
The deep elf mage closely misses you.
The centaur zombie hits you but does no damage.
Unknown command.
You mangle the deep elf mage!!
You kill the deep elf mage!
Your Unarmed Combat skill increases to level 11!
* * * LOW HITPOINT WARNING * * *
You feel sick.
The centaur zombie hits you but does no damage.
The guardian serpent coils itself and waves its upper body at you.
The bolt of poison hits the centaur zombie.
The centaur zombie completely resists.
The bolt of poison hits you!
You are more poisoned.
You die...

#.#.#.....##....
..J#.#.....#....
...........#..#+#
...............# ...
................
....##+#.#..........#
........#.............
..............l#######.#
..............SZ@)......
...............#######.#
...............#
...............#
...............# ..
....J..........##.......
.......................
.....
..........##..........
.#...
..........##..P......
.#...


You could see a guardian serpent, a centaur zombie and a giant gecko.

Vanquished Creatures
  An unseen horror (D:10)
  An ugly thing (D:8)
  The ghost of dorian the Ruffian, a novice TrMo (D:4)
  A troll (D:9)
  A deep elf mage (D:10)
  A deep elf fighter (D:9)
  5 yaks (D:9)
  4 wolves
  An ice beast (D:6)
  A phantom (D:4)
  A sky beast (D:8)
  A black bear (D:7)
  A centaur (D:9)
  4 orc warriors (D:6)
  3 ogres
  2 necrophages (D:10)
  3 giant frogs
  2 scorpions
  A water moccasin skeleton (D:9)
  9 wights
  3 electric eels (D:9)
  A crimson imp (D:5)
  6 orc wizards
  4 jellies
  A centaur zombie (D:6)
  A gnoll shaman (D:4)
  5 hounds
  5 orc priests
  A giant frog skeleton (D:6)
  A centaur skeleton (D:7)
  2 iguanas (D:8)
  9 worker ants
  A mummy (D:10)
  A worker ant zombie (D:10)
  5 gnolls
  8 adders
  A shadow imp (D:7)
  An adder zombie (D:8)
  2 oozes
  An adder skeleton (D:5)
  2 worms
  7 giant geckos
  42 orcs
  8 goblins
  7 hobgoblins
  15 jackals
  6 quokkas
  3 ball pythons
  7 bats
  7 giant cockroaches
  10 kobolds
  A quokka skeleton (D:4)
  9 rats
227 creatures vanquished.

Vanquished Creatures (others)
  A centaur zombie (D:9)
  8 jellies
  2 worker ants (D:9)
  A jackal (D:9)
12 creatures vanquished.

Grand Total: 239 creatures vanquished

Notes
Turn   | Place    | Note
--------------------------------------------------------------
     0 | D:1      | dorian the Troll Monk began the quest for the Orb.
     0 | D:1      | Reached XP level 1. HP: 22/22 MP: 0/0
    62 | D:1      | Reached XP level 2. HP: 27/29 MP: 1/1
   492 | D:2      | Reached XP level 3. HP: 36/36 MP: 2/2
  1180 | D:3      | Reached XP level 4. HP: 44/44 MP: 3/3
  1493 | D:3      | Reached skill level 5 in Unarmed Combat
  1617 | D:3      | Reached XP level 5. HP: 11/53 MP: 4/4
  1887 | D:3      | Found a shattered altar of Ashenzari.
  1990 | D:3      | You fall through a shaft for 2 floors!
  1990 | D:5      | Entered Level 5 of the Dungeon
  2054 | D:4      | Reached XP level 6. HP: 59/61 MP: 5/5
  2120 | D:4      | Found a glowing golden altar of the Shining One.
  2121 | D:4      | Found a glowing silver altar of Zin.
  2122 | D:4      | Found a white marble altar of Elyvilon.
  2569 | D:4      | Got a crude jade amulet
  2638 | D:4      | Identified the amulet "Quvouhur" {Regen+ Dex+3} (You found it on level 4 of the Dungeon)
  2739 | D:4      | Reached skill level 1 in Shields
  2783 | D:4      | Found a radiant altar of Vehumet.
  2785 | D:4      | Noticed an ogre
  2786 | D:4      | Reached skill level 6 in Unarmed Combat
  2840 | D:3      | Killed an ogre
  2861 | D:4      | Reached XP level 7. HP: 68/68 MP: 6/6
  3163 | D:4      | Noticed dorian's ghost (novice TrMo)
  3177 | D:4      | Killed dorian's ghost
  3177 | D:4      | Reached skill level 7 in Unarmed Combat
  3177 | D:4      | Reached XP level 8. HP: 41/78 MP: 7/7
  3286 | D:5      | Found Ocatoc's Food Shop.
  3569 | D:5      | Found a basalt altar of Yredelemnul.
  4234 | D:6      | Found an iron altar of Okawaru.
  4384 | D:6      | Reached skill level 8 in Unarmed Combat
  4439 | D:6      | Reached skill level 5 in Shields
  4727 | D:6      | Found a runed door.
  5004 | D:6      | Reached XP level 9. HP: 87/87 MP: 8/8
  5014 | D:6      | Reached skill level 5 in Fighting
  5194 | D:6      | Reached skill level 9 in Unarmed Combat
  5225 | D:6      | Found a roughly hewn altar of Beogh.
  5709 | D:7      | Found a staircase to the Ecumenical Temple.
  5714 | Temple   | Entered the Ecumenical Temple
  5718 | Temple   | Became a worshipper of Jiyva Jiycyr the Shapeless
  5718 | Temple   | Reached * piety under Jiyva
  5718 | Temple   | Reached ** piety under Jiyva
  5870 | D:8      | Found Coezoriv's Assorted Antiques.
  5874 | D:8      | Bought a scroll of identify for 46 gold pieces
  5874 | D:8      | Bought a scroll labeled UQUNUDES XYAM for 23 gold pieces
  5882 | D:8      | Found a shimmering altar of Xom.
  5885 | D:8      | Found a bloodstained altar of Trog.
  5887 | D:8      | Found a deep blue altar of Sif Muna.
  5887 | D:8      | Found a blossoming altar of Fedhas.
  5890 | D:8      | Found an ancient bone altar of Kikubaaqudgha.
  5905 | D:8      | Noticed a green ugly thing
  5919 | D:8      | Killed a green ugly thing
  5958 | D:8      | Found a shadowy altar of Dithmenos.
  6055 | D:8      | Gained mutation: You can spit weak poison. [mutagenic meat]
  6056 | D:8      | Gained mutation: You can spit poison. [mutagenic meat]
  6057 | D:8      | Gained mutation: You can exhale a cloud of poison. [mutagenic meat]
  6058 | D:8      | Gained mutation: You are robust (+10% HP). [mutagenic meat]
  6519 | D:9      | Reached skill level 10 in Unarmed Combat
  6529 | D:9      | Reached XP level 10. HP: 89/107 MP: 9/9
  6583 | D:9      | Found a staircase to the Lair.
  6631 | D:9      | Reached *** piety under Jiyva
  6718 | D:9      | Lost mutation: You can exhale a cloud of poison. [Jiyva's grace]
  6754 | D:9      | Found a deep blue altar of Sif Muna.
  7606 | D:10     | Entered Level 10 of the Dungeon
  7805 | D:10     | Noticed an unseen horror
  7815 | D:10     | Killed an unseen horror
  7837 | D:10     | Noticed a guardian serpent
  7850 | D:10     | Reached skill level 11 in Unarmed Combat
  7850 | D:10     | HP: 8/165 [poisoned by a guardian serpent (bolt of poison)]
  7850 | D:10     | Killed from afar by a guardian serpent

Action                   |  1- 3 |  4- 6 |  7- 9 | 10-12 || total
-------------------------+-------+-------+-------+-------++-------
Melee: Unarmed           |    94 |   115 |   264 |    85 ||   558
Throw: Javelin           |       |       |     9 |       ||     9
Invok: Request Jelly     |       |       |       |     1 ||     1
 Abil: Spit Poison       |       |       |       |     1 ||     1
Evoke: Wand              |       |       |       |     2 ||     2
  Use: Scroll            |     2 |       |    14 |       ||    16
       Potion            |       |       |     4 |     2 ||     6
 Stab: Sleeping          |     2 |     2 |     6 |       ||    10
       Distracted        |       |     2 |     1 |     1 ||     4
  Eat: Chunk             |    16 |    15 |    38 |     9 ||    78
